TOP OF THE 1ST |
---|
Orlando Calrissian batting - Pitching for New York Knights : LHP Raúl Fernández | Pitching: LHP Raúl Fernández | | Batting: RHB Jesús Gonzáles | 0-0: Ball 1-0: Foul Ball, location: 2F 1-1: Swinging Strike 1-2: Ball 2-2: Ball 3-2: SINGLE (Groundball, 56) (infield hit) | Batting: RHB Gabriel Ángel | 0-0: Called Strike 0-1: Ball 1-1: Swinging Strike 1-2: SINGLE (Groundball, 4MD) Jesús Gonzáles to second | Pitching: RHP James Jones | | Batting: RHB Rich Anderson | 0-0: Called Strike 0-1: Ball 1-1: Fly out, F7 (Line Drive, 7S) | Batting: RHB Raúl Canó | 0-0: Swinging Strike 0-1: Foul Ball, location: 2F 0-2: Strikes out swinging | Batting: SHB Tim Abbott | 0-0: Fly out, F9 (Flyball, 9S) | Top of the 1st over - 0 runs, 2 hits, 0 errors, 2 left on base; Orlando 0 - New York 0 | BOTTOM OF THE 1ST |
---|
New York Knights batting - Pitching for Orlando Calrissian : RHP Gerardo García | Pitching: RHP Gerardo García | | Batting: LHB Mike Harris | 0-0: Ball 1-0: Ball 2-0: Ball 3-0: Called Strike 3-1: Base on Balls | Batting: RHB Pepe Carrasco | 0-0: Ball 1-0: Fly out, F8 (Flyball, 8RM) | Batting: RHB Lonnie Anderson | 0-0: Ball 1-0: Ball 2-0: Foul Ball, location: 2F 2-1: Swinging Strike 2-2: Strikes out swinging | Batting: SHB Marvin Harris | 0-0: Foul Ball, location: 2F 0-1: Ball 1-1: Ball 2-1: Ball 3-1: Base on Balls Mike Harris to second | Batting: LHB Warren Potter | 0-0: SINGLE (Line Drive, 89S) Mike Harris to third Marvin Harris to second Runner from 3rd tries for Home, SAFE, no throw | Batting: RHB Felipe Rodríguez | 0-0: Called Strike 0-1: Ball Wild Pitch! Marvin Harris to third Warren Potter to second 1-1: Ball 2-1: Foul Ball, location: 2F 2-2: Foul Ball, location: 2F 2-2: Ball 3-2: Base on Balls | Batting: LHB Dan Hamilton | 0-0: Swinging Strike 0-1: Ball 1-1: Ball 2-1: Ground out U3 (Groundball, 3) | Bottom of the 1st over - 1 run, 1 hit, 0 errors, 3 left on base; Orlando 0 - New York 1 | TOP OF THE 2ND |
---|
Orlando Calrissian batting - Pitching for New York Knights : RHP James Jones | Batting: RHB Júlio Negrón | 0-0: Ball 1-0: Ball 2-0: Called Strike 2-1: DOUBLE (Flyball, 89D) | Batting: LHB Danny Allen | 0-0: Ball 1-0: Swinging Strike 1-1: Ball 2-1: Called Strike 2-2: Foul Ball, location: 2F 2-2: Ground out 3-1 (Groundball, 34S) Júlio Negrón to third | Batting: SHB Brian Price | 0-0: Ball 1-0: Ball 2-0: Called Strike 2-1: Ball 3-1: Base on Balls | Batting: LHB Craig Kenney | 0-0: Ball 1-0: Called Strike 1-1: Ball 2-1: Foul Ball, location: 2F 2-2: Ball 3-2: Foul Ball, location: 2F 3-2: Fly out, F7 (Flyball, 7) Runner from 3rd tags up, SCORES, no throw | Batting: RHB Jesús Gonzáles | 0-0: Called Strike 0-1: Ground out 4-3 (Groundball, 4) | Top of the 2nd over - 1 run, 1 hit, 0 errors, 1 left on base; Orlando 1 - New York 1 | BOTTOM OF THE 2ND |
---|
New York Knights batting - Pitching for Orlando Calrissian : RHP Gerardo García | Batting: RHB Steve Sampson | 0-0: Called Strike 0-1: Foul Ball, location: 2F 0-2: Ball 1-2: Ball 2-2: Ball 3-2: Base on Balls | Batting: RHB Jacob Pope | 0-0: Ball 1-0: Ball 2-0: Ball 3-0: Called Strike 3-1: Ground out U3 (Groundball, 34S) Steve Sampson to second | Batting: LHB Mike Harris | 0-0: Ball 1-0: Called Strike 1-1: SINGLE (Line Drive, 6D) Steve Sampson to third | Batting: RHB Pepe Carrasco | 0-0: Foul Ball, location: 2F 0-1: Ball 1-1: Ground out 4-3 (Groundball, 4S) Steve Sampson scores Mike Harris to second | Batting: RHB Lonnie Anderson | 0-0: Ball 1-0: Swinging Strike 1-1: Ball 2-1: Called Strike 2-2: Strikes out swinging | Bottom of the 2nd over - 1 run, 1 hit, 0 errors, 1 left on base; Orlando 1 - New York 2 | TOP OF THE 3RD |
---|
Orlando Calrissian batting - Pitching for New York Knights : RHP James Jones | Batting: RHB Gabriel Ángel | 0-0: Ball 1-0: Swinging Strike 1-1: Foul Ball, location: 2F 1-2: Ball 2-2: Foul Ball, location: 2F 2-2: Ball 3-2: Foul Ball, location: 2F 3-2: Strikes out looking | Batting: RHB Rich Anderson | 0-0: Foul Ball, location: 2F 0-1: Ball 1-1: Ball 2-1: Foul Ball, location: 2F 2-2: Fly out, F9 (Flyball, 9LM) | Batting: RHB Raúl Canó | 0-0: DOUBLE (Flyball, 8LXD) | Batting: SHB Tim Abbott | 0-0: Ball 1-0: Ball 2-0: Ball 3-0: Called Strike 3-1: SINGLE (Line Drive, 4) Raúl Canó to third Runner from 3rd tries for Home, SAFE, no throw | Batting: RHB Júlio Negrón | 0-0: Ball 1-0: Called Strike 1-1: Swinging Strike 1-2: Ground out 5-3 (Groundball, 56S) | Top of the 3rd over - 1 run, 2 hits, 0 errors, 1 left on base; Orlando 2 - New York 2 | BOTTOM OF THE 3RD |
---|
New York Knights batting - Pitching for Orlando Calrissian : RHP Gerardo García | Batting: SHB Marvin Harris | 0-0: Ball 1-0: Ball 2-0: Called Strike 2-1: Swinging Strike 2-2: Foul Ball, location: 2F 2-2: Strikes out swinging | Batting: LHB Warren Potter | 0-0: Called Strike 0-1: Ball 1-1: Ball 2-1: Ball 3-1: Ground out 6-3 (Groundball, 6) | Batting: RHB Felipe Rodríguez | 0-0: Ground out 3-1 (Groundball, 34S) | Bottom of the 3rd over - 0 runs, 0 hits, 0 errors, 0 left on base; Orlando 2 - New York 2 | TOP OF THE 4TH |
---|
Orlando Calrissian batting - Pitching for New York Knights : RHP James Jones | Batting: LHB Danny Allen | 0-0: Ball 1-0: Foul Ball, location: 2F 1-1: SINGLE (Line Drive, 34) | Batting: SHB Brian Price | 0-0: Called Strike 0-1: Fly out, F4 (Popup, 4MS) | Batting: LHB Craig Kenney | 0-0: Ball 1-0: Foul Ball, location: 2F 1-1: Called Strike 1-2: Foul Ball, location: 2F 1-2: Fly out, F9 (Flyball, 9) | Batting: RHB Jesús Gonzáles | 0-0: Ball 1-0: Foul Ball, location: 2F 1-1: SINGLE (Groundball, 34) (infield hit) Danny Allen to second | Batting: RHB Gabriel Ángel | 0-0: Ball 1-0: Swinging Strike 1-1: 3-RUN HOME RUN (Flyball, 78D), Distance : 394 ft | Pitching: RHP Fernando Valdés | | Batting: RHB Rich Anderson | 0-0: Swinging Strike 0-1: Ball 1-1: Called Strike 1-2: Ball 2-2: Ball 3-2: Ground out 5-3 (Groundball, 5) | Top of the 4th over - 3 runs, 3 hits, 0 errors, 0 left on base; Orlando 5 - New York 2 | BOTTOM OF THE 4TH |
---|
New York Knights batting - Pitching for Orlando Calrissian : RHP Gerardo García | Batting: LHB Dan Hamilton | 0-0: Ball 1-0: Ball 2-0: Ball 3-0: Called Strike 3-1: TRIPLE (Flyball, 89XD) | Batting: RHB Steve Sampson | 0-0: Ball 1-0: Ball 2-0: Called Strike 2-1: Swinging Strike 2-2: Ball 3-2: Ground out 5-3 (Groundball, 56) Dan Hamilton scores | Batting: RHB Jacob Pope | 0-0: Ball 1-0: DOUBLE (Line Drive, 89D) | Batting: LHB Mike Harris | 0-0: Fly out, F7 (Line Drive, 7D) | Batting: RHB Pepe Carrasco | 0-0: Ball 1-0: Ball 2-0: Ball 3-0: Called Strike 3-1: Swinging Strike 3-2: Foul Ball, location: 2F 3-2: Foul Ball, location: 2F 3-2: Foul Ball, location: 2F 3-2: Foul Ball, location: 2F 3-2: Strikes out swinging | Bottom of the 4th over - 1 run, 2 hits, 0 errors, 1 left on base; Orlando 5 - New York 3 | TOP OF THE 5TH |
---|
Orlando Calrissian batting - Pitching for New York Knights : RHP Fernando Valdés | Batting: RHB Raúl Canó | 0-0: Called Strike 0-1: SINGLE (Groundball, 4MD) | Batting: SHB Tim Abbott | 0-0: Ball Raúl Canó is caught stealing 2nd base 1-0: Ball 2-0: Called Strike 2-1: Ball 3-1: Base on Balls | Batting: RHB Júlio Negrón | 0-0: Called Strike 0-1: Ball 1-1: Foul Ball, location: 2F 1-2: Foul Ball, location: 2F 1-2: Ball 2-2: Ball 3-2: Foul Ball, location: 2F 3-2: Strikes out swinging | Batting: LHB Danny Allen | 0-0: Fielders Choice at 2nd, U4 (Groundball, 4M) | Top of the 5th over - 0 runs, 1 hit, 0 errors, 1 left on base; Orlando 5 - New York 3 | BOTTOM OF THE 5TH |
---|
New York Knights batting - Pitching for Orlando Calrissian : RHP Gerardo García | Batting: RHB Lonnie Anderson | 0-0: Ball 1-0: Ball 2-0: Ground out 4-3 (Groundball, 4) | Batting: SHB Marvin Harris | 0-0: Called Strike 0-1: Ball 1-1: Foul Ball, location: 2F 1-2: Fly out, F6 (Popup, 6M) | Batting: LHB Warren Potter | 0-0: Ball 1-0: Called Strike 1-1: Ball 2-1: SINGLE (Line Drive, 4MD) | Batting: RHB Felipe Rodríguez | 0-0: Called Strike 0-1: Ball 1-1: Called Strike 1-2: SINGLE (Groundball, 6MD) Warren Potter to second | Pitching: LHP Xavier Velázquez | | Batting: LHB Dan Hamilton | 0-0: Ball 1-0: Called Strike 1-1: Ball 2-1: Ball 3-1: Ground out 4-3 (Groundball, 4S) | Bottom of the 5th over - 0 runs, 2 hits, 0 errors, 2 left on base; Orlando 5 - New York 3 | TOP OF THE 6TH |
---|
Orlando Calrissian batting - Pitching for New York Knights : RHP Fernando Valdés | Batting: SHB Brian Price | 0-0: Ball 1-0: Ball 2-0: Ball 3-0: Called Strike 3-1: Base on Balls | Batting: LHB Craig Kenney | 0-0: Swinging Strike 0-1: Ball 1-1: Called Strike 1-2: Fielders Choice at 2nd, 6-4 (Groundball, 6) | Batting: RHB Jesús Gonzáles | 0-0: Ball 1-0: Swinging Strike 1-1: Ball 2-1: Foul Ball, location: 2F 2-2: Ball 3-2: Fielders Choice at 2nd, 5-4 (Groundball, 56) | Batting: RHB Gabriel Ángel | 0-0: Called Strike 0-1: Ball 1-1: SINGLE (Groundball, 56S) (infield hit) Jesús Gonzáles to second | Batting: RHB Rich Anderson | 0-0: Ball 1-0: Fly out, F7 (Flyball, 78S) | Top of the 6th over - 0 runs, 1 hit, 0 errors, 2 left on base; Orlando 5 - New York 3 | BOTTOM OF THE 6TH |
---|
New York Knights batting - Pitching for Orlando Calrissian : LHP Xavier Velázquez | Batting: RHB Steve Sampson | 0-0: Called Strike 0-1: Ball 1-1: Ball 2-1: Ball 3-1: Swinging Strike 3-2: Strikes out swinging | Batting: RHB Jacob Pope | 0-0: Ball 1-0: Called Strike 1-1: SINGLE (Line Drive, 34D) | Batting: LHB Mike Harris | 0-0: Ball 1-0: Called Strike 1-1: Ball Wild Pitch! Jacob Pope to second 2-1: Ground out 4-3 (Groundball, 4) Jacob Pope to third | Batting: RHB Pepe Carrasco | 0-0: Ground out 6-3 (Groundball, 6) | Bottom of the 6th over - 0 runs, 1 hit, 0 errors, 1 left on base; Orlando 5 - New York 3 | TOP OF THE 7TH |
---|
Orlando Calrissian batting - Pitching for New York Knights : RHP Fernando Valdés | Batting: RHB Raúl Canó | 0-0: Swinging Strike 0-1: Called Strike 0-2: Strikes out looking | Batting: SHB Tim Abbott | 0-0: Called Strike 0-1: Fly out, F4 (Line Drive, 4M) | Batting: RHB Júlio Negrón | 0-0: Swinging Strike 0-1: Ball 1-1: Ball 2-1: Called Strike 2-2: TRIPLE (Flyball, 78XD) | Batting: LHB Danny Allen | 0-0: Called Strike 0-1: Ball 1-1: Ground out U3 (Groundball, 3) | Top of the 7th over - 0 runs, 1 hit, 0 errors, 1 left on base; Orlando 5 - New York 3 | BOTTOM OF THE 7TH |
---|
New York Knights batting - Pitching for Orlando Calrissian : LHP Xavier Velázquez | Batting: RHB Lonnie Anderson | 0-0: Called Strike 0-1: SINGLE (Line Drive, 89M) | Batting: SHB Marvin Harris | 0-0: Ball 1-0: Ball 2-0: Ball 3-0: Called Strike 3-1: Foul Ball, location: 2F 3-2: Base on Balls Lonnie Anderson to second | Batting: LHB Warren Potter | 0-0: Called Strike 0-1: Fly out, F7 (Flyball, 7S) | Batting: RHB Felipe Rodríguez | 0-0: Foul Ball, location: 2F 0-1: Ball 1-1: Called Strike 1-2: Ball 2-2: Foul Ball, location: 2F 2-2: Foul Ball, location: 2F 2-2: Ball 3-2: Base on Balls Lonnie Anderson to third Marvin Harris to second | Batting: LHB Dan Hamilton | 0-0: Called Strike 0-1: Grounds into double play, 6-2-3 (Groundball, 6) | Bottom of the 7th over - 0 runs, 1 hit, 0 errors, 2 left on base; Orlando 5 - New York 3 | TOP OF THE 8TH |
---|
Orlando Calrissian batting - Pitching for New York Knights : RHP Fernando Valdés | Pitching: LHP Juan Ortíz | | Batting: SHB Brian Price | 0-0: Swinging Strike 0-1: Called Strike 0-2: Ball 1-2: Foul Ball, location: 2F 1-2: Ball 2-2: Strikes out swinging | Batting: LHB Craig Kenney | 0-0: Foul Ball, location: 2F 0-1: Ball 1-1: Called Strike 1-2: Strikes out looking | Batting: RHB Jesús Gonzáles | 0-0: SINGLE (Groundball, 4M) (infield hit) | Batting: RHB Gabriel Ángel | 0-0: Ball 1-0: Called Strike 1-1: Ball 2-1: Foul Ball, location: 2F 2-2: Ball 3-2: SINGLE (Line Drive, 4D) Jesús Gonzáles to second Jesús Gonzáles to third | Batting: RHB Rich Anderson | 0-0: Called Strike 0-1: Foul Ball, location: 2F 0-2: Ball 1-2: Ball 2-2: Ball 3-2: Foul Ball, location: 2F 3-2: Strikes out swinging | Top of the 8th over - 0 runs, 2 hits, 0 errors, 2 left on base; Orlando 5 - New York 3 | BOTTOM OF THE 8TH |
---|
New York Knights batting - Pitching for Orlando Calrissian : LHP Xavier Velázquez | Batting: RHB Steve Sampson | 0-0: Fly out, F7 (Flyball, 7LMF) | Batting: RHB Jacob Pope | 0-0: Ball 1-0: Ball 2-0: Ball 3-0: Base on Balls | Batting: LHB Mike Harris | 0-0: Ball 1-0: Ground out 6-3 (Groundball, 6S) Jacob Pope to second | Batting: RHB Pepe Carrasco | 0-0: Swinging Strike 0-1: Ball 1-1: Ball 2-1: Ball 3-1: Base on Balls | Pitching: RHP Vaughn Stanley | | Batting: RHB Lonnie Anderson | 0-0: Called Strike 0-1: Foul Ball, location: 2F 0-2: Ball 1-2: Fly out, F8 (Flyball, 8RS) | Bottom of the 8th over - 0 runs, 0 hits, 0 errors, 2 left on base; Orlando 5 - New York 3 | TOP OF THE 9TH |
---|
Orlando Calrissian batting - Pitching for New York Knights : LHP Juan Ortíz | Batting: RHB Raúl Canó | 0-0: Called Strike 0-1: Ground out 5-3 (Groundball, 56) | Batting: SHB Tim Abbott | 0-0: Ball 1-0: Foul Ball, location: 2F 1-1: Ball 2-1: Foul Ball, location: 2F 2-2: Ball 3-2: Fly out, F4 (Popup, 4) | Batting: RHB Júlio Negrón | 0-0: Foul Ball, location: 2F 0-1: Ball 1-1: Foul Ball, location: 2F 1-2: Ball 2-2: Ball 3-2: Foul Ball, location: 2F 3-2: Foul Ball, location: 2F 3-2: Fly out, F4 (Popup, 34D) | Top of the 9th over - 0 runs, 0 hits, 0 errors, 0 left on base; Orlando 5 - New York 3 | BOTTOM OF THE 9TH |
---|
New York Knights batting - Pitching for Orlando Calrissian : RHP Vaughn Stanley | Pitching: RHP Will Huggins | | Batting: SHB Marvin Harris | 0-0: Ball 1-0: Ground out U3 (Groundball, 34) | Batting: LHB Warren Potter | 0-0: Called Strike 0-1: Called Strike 0-2: Ground out 6-3 (Groundball, 6M) | Batting: RHB Felipe Rodríguez | 0-0: Called Strike 0-1: Ground out 6-3 (Groundball, 6) | Bottom of the 9th over - 0 runs, 0 hits, 0 errors, 0 left on base; Orlando 5 - New York 3 | |